Frizzbo, neutral female gnomish Wizard ---- |..| #...| ---------- ###|..| -->.......-- # |..| |...........########*################ # ---- |..........| # # |...........########### -------|---- # --........-- # |...........r # ---------- ###|.....qf...| # # #.....qG....-###################### ------# ------------ # # |....|# ####-<...|# # |....|# |....|# |.....# ------ Frizzbo the Conjurer Experience level: 4 Strength: 10 Dexterity: 12 Constitution: 11 Intelligence: 18 Wisdom: 19 Charisma: 8 Health: 0(28) Energy: 42(44) Def: 6 Gold: 503 Moves: 2713 Dungeon seed: JQJlJjS2HHtfnfX5 Game ID: Frizzbo_1465945876 Your Inventory: Coins $ - 503 gold pieces Weapons f - an uncursed +2 aklys (weapon in hand) E - 9 cursed +0 darts (in quiver) Armor e - a blessed +0 cloak of magic resistance (being worn) q - an uncursed +0 studded leather armor (being worn) r - an uncursed +0 orcish helm (being worn) z - an uncursed +0 pair of levitation boots N - an uncursed +1 cloak of invisibility Y - an uncursed +0 pair of water walking boots (being worn) Comestibles i - 2 uncursed food rations C - an uncursed egg G - an uncursed sprig of wolfsbane Scrolls F - an uncursed scroll of earth H - an uncursed scroll of identify Rings m - an uncursed +3 ring of adornment o - an uncursed ring of stealth s - an uncursed ring of free action Wands n - a blessed wand of striking (0:5) Tools j - an uncursed lock pick t - an uncursed sack Gems y - an uncursed worthless piece of red glass Contents of the sack: an uncursed scroll of enchant armor a cursed scroll of identify an uncursed scroll of scare monster a blessed spellbook of force bolt an uncursed spellbook of sleep Spells and supernatural/magical abilities: Name Level Category Fail Memory a - force bolt 1 attack 0% 87% z - sleep 1 enchantment 0% 87% W - pray for help -- divine ? -- Your skills at the end: Miscellaneous Skills wands [Basic] Weapon Skills quarterstaff [Basic] crossbow [Basic] Spellcasting Skills attack spells [Basic] enchantment spells [Basic] Final Attributes: You were devoutly aligned. You were magic-protected. You had infravision. You could walk on water. You are dead. Vanquished creatures: 2 shriekers a homunculus a hobbit a large kobold 5 geckos a hobgoblin 2 giant rats 2 brown molds a red mold 6 manes 2 gnome zombies 4 jackals 3 foxes 8 newts 2 goblins 3 grid bugs 6 lichens a kobold zombie 51 creatures vanquished. Voluntary challenges: You were an atheist. You used a wielded weapon 51 times, starting on turn 4. You did not apply a unicorn horn. You read items or engraved 3 times, starting on turn 1196. You never genocided any monsters. You never polymorphed an object. You never changed form. You used no wishes. You never split a pudding. You never wrote Elbereth's name. You never violated your personal moral code. Dungeon overview: The Dungeons of Doom: levels 1 to 4 Level 1 a long staircase Level 2 a general store, a sink a long staircase Level 3 an armor shop, a fountain Level 4 <- You were here History has recorded: On T:1 you entered the Dungeons of Doom to retrieve the Amulet of Yendor! On T:348 you reached level 2 of The Dungeons of Doom. On T:365 you advanced to experience level 2. On T:612 you advanced to experience level 3. On T:1377 you reached level 3 of The Dungeons of Doom. On T:1379 you advanced to experience level 4. On T:2460 you reached level 4 of The Dungeons of Doom. Score breakdown: Gold: 503 ( 50 points) Experience: 4 levels ( 300 points) Exploration: 4 levels ( 90 points) Discoveries: 8 items ( 400 points) Variety of kills: 18 monsters ( 900 points) Major goal: (nothing yet) ( 0 points) Survival: died (score multiplied by 3) Total score: 5220 Latest messages: You finish searching. (2x) You displace Taco. The door resists! The door opens. The rothe claws you! The rothe bites! (2x) The spell misses the rothe. The rothe claws you! The rothe misses. The rothe bites! You hit the rothe. The rothe claws you! The rothe bites! The rothe misses. You hit the rothe. The rothe claws you! The rothe bites! The rothe misses. Taco misses the rothe. (2x) You hit the rothe. The rothe claws you! The rothe bites! (2x) You die... Final status: Goodbye Frizzbo the Wizard, killed by a rothe... You died in The Dungeons of Doom on dungeon level 4 with 5220 points, and 503 pieces of gold, after 2713 moves. You were level 4 with a maximum of 28 hit points when you died.